 Dungeon Crawl Stone Soup version 0.29.0-4-gdea44cf6ec (webtiles) character file.

Game seed: 5186195434671441427

529 qw the Ruffian (level 7, -17/57 HPs)
             Began as a Ghoul Fire Elementalist on Aug 29, 2022.
             Was an Initiate of Okawaru.
             Demolished by an ogre
             ... wielding a +0 giant spiked club
              (28 damage)
             ... on level 5 of the Dungeon.
             The game lasted 00:04:16 (5205 turns).

qw the Ruffian (Ghoul Fire Elementalist)            Turns: 5205, Time: 00:04:16

Health: -17/57     AC:  8    Str: 14    XL:     7   Next: 24%
Magic:  8/8        EV:  6    Int: 10    God:    Okawaru [......]
Gold:   209        SH:  0    Dex:  9    Spells: 8/9 levels left

rFire   . . .      SeeInvis .     - Unarmed
rCold   + . .      Faith    .   (no shield)
rNeg    + + +      Spirit   .   k - +0 chain mail
rPois   inf        Reflect  .   (no helmet)
rElec   .          Harm     .   (no cloak)
rCorr   .          Rampage  .   (no gloves)
Will    .....                   (no boots)
Stlth   ..........              h - amulet of the acrobat
HPRegen 0.00/turn               (no ring)
MPRegen 0.11/turn               (no ring)

@: about to teleport, inhibited regen
A: claws 1, cold resistance 1, negative energy resistance 3, inhibited
regeneration, torment resistance 2, devour on kill
a: Renounce Religion


You were on level 5 of the Dungeon.
You worshipped Okawaru.
Okawaru was noncommittal.
You visited 2 branches of the dungeon, and saw 6 of its levels.

You collected 209 gold pieces.


Innate Abilities, Weirdness & Mutations

You are immune to poison.
You have sharp fingernails.
Your flesh is cold resistant. (rC+)
You are immune to negative energy. (rN+++)
You do not regenerate when monsters are visible.
You are immune to unholy pain and torment.
You thrive by killing the living.


   Skills:
 - Level 3.3 Fighting
 - Level 1.5 Armour
 - Level 1.7 Dodging
 - Level 2.1 Stealth
 + Level 6.7 Unarmed Combat
 - Level 1.7 Spellcasting
 - Level 0.7 Conjurations
 - Level 2.4 Fire Magic


You had 8 spell levels left.
You knew the following spells:

 Your Spells              Type           Power      Damage    Failure   Level
a - Foxfire               Conj/Fire      16%        2x1d4     99%         1

Your spell library contained the following spells:

 Spells                   Type           Power      Damage    Failure   Level
 Scorch                   Fire           10%        2d6       99%         2
 Conjure Flame            Conj/Fire      4%         6-21      100%        3
 Inner Flame              Hex/Fire       3%         N/A       100%        3
 Flame Wave               Conj/Fire      4%         2d5       100%        4

Inventory:

Missiles
 l - 3 boomerangs (quivered)
Armour
 k - a +0 chain mail (worn)
Jewellery
 h - an amulet of the acrobat (around neck)
Scrolls
 e - a scroll of identify
Potions
 b - a potion of haste {unknown}
 c - a potion of mutation
 d - a potion of berserk rage {unknown}
 f - a potion of brilliance {unknown}
 g - a potion of curing {unknown}
 i - a potion of might {unknown}
 j - a potion of magic

Dungeon Overview and Level Annotations

Branches:
Dungeon (5/15)             Temple (1/1) D:5

Altars:
Ashenzari
Cheibriados
Fedhas
Hepliaklqana
Kikubaaqudgha
Makhleb
Nemelex Xobeh
Okawaru
Qazlal
Ru
Sif Muna
Trog
Uskayaw
Vehumet
Wu Jian
Xom
Yredelemnul

Shops:
D:2 *


Message History

An ogre comes into view. It is wielding a +0 giant spiked club.
5194 ||| Stepping ~*~*~tactically~*~*~ (stealth).
An iguana comes into view.
The iguana hisses angrily.
Throw: 3 boomerangs
Press: ? - help, Q - select action Shift-Dir - straight line, f - iguana You throw a boomerang.
The boomerang barely misses the iguana.
Throw: 3 boomerangs
Press: ? - help, Q - select action Shift-Dir - straight line, f/p - iguana You throw a boomerang.
The boomerang hits the iguana but does no damage.
You hear a shout!
Throw: 3 boomerangs
Press: ? - help, Q - select action Shift-Dir - straight line, f/p - iguana You throw a boomerang.
The boomerang completely misses the iguana.
You scratch the iguana.
The iguana is moderately wounded.
The iguana bites you.
You scratch the iguana.
The iguana is severely wounded.
The iguana hisses menacingly.
The iguana bites you!
You barely miss the iguana.
The iguana is severely wounded.
The iguana bites you.
5202 ||| Stepping ~*~*~tactically~*~*~ (outnumbered).
The ogre attacks as you move away!
The ogre hits you with a +0 giant spiked club!!
5203 ||| READING scroll of teleportation.
As you read the scroll of teleportation, it crumbles to dust.
You feel strangely unstable. The iguana bites you.
You closely miss the iguana.
The iguana is heavily wounded.
The ogre completely misses you. The iguana bites you.
You scratch the iguana but do no damage.
The iguana is heavily wounded.
The ogre hits you with a +0 giant spiked club!!
You die...

#..... #...... #......
#####.....O #.......#'#
#.##(...#.# #.......#.#
#.....l.#.#.##....#####
#.....@O....##........#
#.##.####.####........#
#.##.####.# #)......#
#.##......# #.......#
#.######### #.......#
#.# #......# #.#
#....... #.# ####)...
#.###### ##...


You could see an ogre and an iguana.

Vanquished Creatures
  2 necrophages
  A scorpion (D:5)
  2 orc priests (D:4)
  Jessica (D:3)
  Ijyb (D:5)
  2 orc wizards
  4 gnolls (D:4)
  3 adders
  A dart slug (D:2)
  16 orcs
  6 bats
  8 endoplasms
  3 giant cockroaches
  10 goblins
  5 hobgoblins
  3 jackals (D:2)
  2 quokkas
  14 ball pythons
  4 frilled lizards
  12 kobolds
  7 rats
107 creatures vanquished.

Vanquished Creatures (others)
  12 plants (D:4)
12 creatures vanquished.

Grand Total: 119 creatures vanquished

Notes
Turn   | Place    | Note
-------+----------+-------------------------------------------
     0 | D:1      | qw the Ghoul Fire Elementalist began the quest for the Orb.
     0 | D:1      | Reached XP level 1. HP: 14/14 MP: 2/2
     0 | D:1      | 0 ||| qw: Version: 0.1-a-90-g952f4b7
     0 | D:1      | 0 ||| qw: Game counter: 3846
     0 | D:1      | 0 ||| qw: Always use a shield: true
     0 | D:1      | 0 ||| qw: God list: Okawaru
     0 | D:1      | 0 ||| qw: Allow faded altars: false
     0 | D:1      | 0 ||| qw: Do Orc after D:15 true
     0 | D:1      | 0 ||| qw: Do second Lair branch before Depths: true
     0 | D:1      | 0 ||| qw: Lair rune preference: random
     0 | D:1      | 0 ||| qw: Plans: Normal
     0 | D:1      | 0 ||| PLANNING D:1-11
   289 | D:1      | Reached skill level 1 in Unarmed Combat
   417 | D:1      | Reached skill level 1 in Fighting
   417 | D:1      | Reached XP level 2. HP: 23/23 MP: 3/3
   536 | D:1      | 536 ||| Stepping ~*~*~tactically~*~*~ (stealth).
   540 | D:1      | 540 ||| Stepping ~*~*~tactically~*~*~ (stealth).
   546 | D:1      | 546 ||| Stepping ~*~*~tactically~*~*~ (outnumbered).
   550 | D:1      | 550 ||| Stepping ~*~*~tactically~*~*~ (outnumbered).
   562 | D:1      | Reached skill level 2 in Unarmed Combat
   581 | D:1      | 581 ||| Stepping ~*~*~tactically~*~*~ (stealth).
   584 | D:1      | 584 ||| Stepping ~*~*~tactically~*~*~ (stealth).
   591 | D:1      | 591 ||| Stepping ~*~*~tactically~*~*~ (stealth).
   593 | D:1      | 593 ||| Stepping ~*~*~tactically~*~*~ (stealth).
   701 | D:1      | 701 ||| Stepping ~*~*~tactically~*~*~ (stealth).
   704 | D:1      | Reached XP level 3. HP: 28/28 MP: 4/4
   718 | D:1      | 718 ||| Stepping ~*~*~tactically~*~*~ (stealth).
   720 | D:1      | 720 ||| Stepping ~*~*~tactically~*~*~ (stealth).
   722 | D:1      | 722 ||| Stepping ~*~*~tactically~*~*~ (stealth).
   730 | D:1      | 730 ||| Stepping ~*~*~tactically~*~*~ (stealth).
  1171 | D:1      | 1171 ||| READING scroll labelled TOCERA MOBLUS.
  1174 | D:1      | 1174 ||| READING 2 scrolls labelled RUCEKO XUACA.
  1175 | D:1      | 1175 ||| READING scroll labelled URAHEC UBUYSOFF.
  1176 | D:1      | 1176 ||| DROPPING potion of magic.
  1229 | D:2      | 1229 ||| Stepping ~*~*~tactically~*~*~ (outnumbered).
  1230 | D:2      | 1230 ||| Stepping ~*~*~tactically~*~*~ (outnumbered).
  1231 | D:2      | 1231 ||| Stepping ~*~*~tactically~*~*~ (outnumbered).
  1232 | D:2      | 1232 ||| Stepping ~*~*~tactically~*~*~ (outnumbered).
  1240 | D:2      | 1240 ||| Stepping ~*~*~tactically~*~*~ (stealth).
  1242 | D:2      | Reached skill level 3 in Unarmed Combat
  1803 | D:2      | 1803 ||| Stepping ~*~*~tactically~*~*~ (stealth).
  1813 | D:2      | 1813 ||| Stepping ~*~*~tactically~*~*~ (hiding).
  1918 | D:2      | Found Ixitz's General Store.
  1960 | D:2      | 1960 ||| Stepping ~*~*~tactically~*~*~ (hiding).
  2062 | D:2      | 2062 ||| Stepping ~*~*~tactically~*~*~ (hiding).
  2165 | D:2      | 2165 ||| FLEEEEING.
  2166 | D:2      | 2166 ||| FLEEEEING.
  2167 | D:2      | 2167 ||| FLEEEEING.
  2169 | D:2      | 2169 ||| STAIRDANCE
  2204 | D:1      | 2204 ||| DRINKING 2 fuming brown potions.
  2247 | D:2      | Reached XP level 4. HP: 35/35 MP: 5/5
  2480 | D:2      | 2480 ||| READING scroll labelled CEPPIW IRIEDE.
  2676 | D:3      | Noticed Jessica
  2677 | D:3      | 2677 ||| Stepping ~*~*~tactically~*~*~ (hiding).
  2781 | D:3      | Killed Jessica
  2782 | D:3      | Reached skill level 4 in Unarmed Combat
  3054 | D:3      | 3054 ||| Stepping ~*~*~tactically~*~*~ (stealth).
  3055 | D:3      | 3055 ||| Stepping ~*~*~tactically~*~*~ (stealth).
  3056 | D:3      | 3056 ||| Stepping ~*~*~tactically~*~*~ (stealth).
  3059 | D:3      | 3059 ||| Stepping ~*~*~tactically~*~*~ (stealth).
  3063 | D:3      | 3063 ||| Stepping ~*~*~tactically~*~*~ (stealth).
  3064 | D:3      | 3064 ||| Stepping ~*~*~tactically~*~*~ (stealth).
  3066 | D:3      | 3066 ||| Stepping ~*~*~tactically~*~*~ (stealth).
  3067 | D:3      | 3067 ||| Stepping ~*~*~tactically~*~*~ (stealth).
  3071 | D:3      | 3071 ||| Stepping ~*~*~tactically~*~*~ (stealth).
  3072 | D:3      | 3072 ||| Stepping ~*~*~tactically~*~*~ (stealth).
  3093 | D:3      | 3093 ||| Stepping ~*~*~tactically~*~*~ (stealth).
  3101 | D:3      | Reached XP level 5. HP: 32/41 MP: 6/6
  3108 | D:3      | 3108 ||| FLEEEEING.
  3116 | D:3      | 3116 ||| FLEEEEING.
  3117 | D:3      | 3117 ||| FLEEEEING.
  3118 | D:3      | 3118 ||| FLEEEEING.
  3124 | D:3      | 3124 ||| FLEEEEING.
  3125 | D:3      | 3125 ||| FLEEEEING.
  3126 | D:3      | 3126 ||| FLEEEEING.
  3127 | D:3      | 3127 ||| STAIRDANCE
  3177 | D:2      | 3177 ||| UPGRADING to +0 chain mail.
  3187 | D:2      | 3187 ||| DROPPING +0 robe.
  3188 | D:2      | 3188 ||| UPGRADING to amulet of the acrobat.
  3193 | D:2      | 3193 ||| READING scroll labelled KEUMU ADAG.
  3194 | D:2      | 3194 ||| READING scroll labelled CELEFACEESA.
  3203 | D:3      | 3203 ||| Stepping ~*~*~tactically~*~*~ (stealth).
  3366 | D:3      | Found a faded altar of an unknown god.
  3492 | D:3      | 3492 ||| READING 3 scrolls labelled GETWUI YGIPEIZ.
  3493 | D:3      | 3493 ||| DROPPING 2 scrolls of butterflies.
  3522 | D:4      | 3522 ||| Stepping ~*~*~tactically~*~*~ (stealth).
  3543 | D:4      | HP: 10/41 [orc priest/+0 dagger (2)]
  3545 | D:4      | Reached skill level 1 in Armour
  3551 | D:4      | HP: 8/41 [orc priest/+0 dagger (1)]
  3554 | D:4      | HP: 2/41 [orc priest/+0 dagger (4)]
  3836 | D:4      | 3836 ||| Stepping ~*~*~tactically~*~*~ (stealth).
  3849 | D:4      | Reached skill level 5 in Unarmed Combat
  3854 | D:4      | 3854 ||| Stepping ~*~*~tactically~*~*~ (outnumbered).
  3862 | D:4      | Reached XP level 6. HP: 30/48 MP: 7/7
  3891 | D:4      | 3891 ||| FLEEEEING.
  4167 | D:4      | 4167 ||| Stepping ~*~*~tactically~*~*~ (hiding).
  4180 | D:4      | Reached skill level 6 in Unarmed Combat
  4406 | D:4      | 4406 ||| Stepping ~*~*~tactically~*~*~ (stealth).
  4410 | D:4      | 4410 ||| Stepping ~*~*~tactically~*~*~ (stealth).
  4421 | D:4      | 4421 ||| Stepping ~*~*~tactically~*~*~ (stealth).
  4422 | D:4      | Found a burning altar of Makhleb.
  4799 | D:5      | Entered Level 5 of the Dungeon
  4816 | D:5      | Reached skill level 3 in Fighting
  4816 | D:5      | 4816 ||| STAIRDANCE
  4949 | D:5      | Found a staircase to the Ecumenical Temple.
  4950 | D:5      | 4950 ||| PLANNING TEMPLE
  4961 | D:5      | Reached XP level 7. HP: 57/57 MP: 8/8
  4962 | Temple   | Entered the Ecumenical Temple
  5021 | Temple   | Became a worshipper of Warmaster Okawaru
  5027 | Temple   | 5027 ||| PLANNING D:1-11
  5044 | D:5      | Noticed Ijyb
  5045 | D:5      | 5045 ||| Stepping ~*~*~tactically~*~*~ (hiding).
  5052 | D:5      | Killed Ijyb
  5077 | D:5      | 5077 ||| Stepping ~*~*~tactically~*~*~ (outnumbered).
  5078 | D:5      | 5078 ||| Stepping ~*~*~tactically~*~*~ (outnumbered).
  5079 | D:5      | 5079 ||| Stepping ~*~*~tactically~*~*~ (outnumbered).
  5080 | D:5      | 5080 ||| Stepping ~*~*~tactically~*~*~ (outnumbered).
  5081 | D:5      | 5081 ||| Stepping ~*~*~tactically~*~*~ (outnumbered).
  5082 | D:5      | 5082 ||| Stepping ~*~*~tactically~*~*~ (outnumbered).
  5083 | D:5      | 5083 ||| Stepping ~*~*~tactically~*~*~ (outnumbered).
  5084 | D:5      | 5084 ||| Stepping ~*~*~tactically~*~*~ (outnumbered).
  5085 | D:5      | 5085 ||| Stepping ~*~*~tactically~*~*~ (outnumbered).
  5151 | D:5      | 5151 ||| Stepping ~*~*~tactically~*~*~ (hiding).
  5163 | D:5      | 5163 ||| Stepping ~*~*~tactically~*~*~ (outnumbered).
  5194 | D:5      | 5194 ||| Stepping ~*~*~tactically~*~*~ (stealth).
  5202 | D:5      | 5202 ||| Stepping ~*~*~tactically~*~*~ (outnumbered).
  5202 | D:5      | HP: 13/57 [ogre/+0 giant spiked club (27)]
  5203 | D:5      | 5203 ||| READING scroll of teleportation.
  5205 | D:5      | Demolished by an ogre

Levels and vault maps discovered:
D:1:      dpeg_arrival_arbitrary_b, layout_loops_ring, minmay_misc_feat_chi,
          hangedman_decor_opposing
D:2:      layout_basic, serial_shops, shop, minmay_misc_feat_plants
D:3:      layout_loops_cross, hellmonk_ecumenical_altar_inner_sanctum,
          st_stairs_12, hex_medium, grunt_decor_resistance,
          kennysheep_generic_room_10, uniq_jessica
D:4:      nicolae_cairo_tiling, layout_loops_ring,
          mainiacjoe_overflow_boulevard, serial_bayou_ford_a,
          chequers_serial_rivers_room_a
D:5:      layout_basic, minmay_temple_entry_waves, uniq_ijyb
Temple:   dpeg_three_leaves_temple

Skill      XL: |  1  2  3  4  5  6 |
---------------+-------------------+-----
Unarmed Combat | 1 2 3 4 5 6 |  6.7
Fighting       | 1 2 3 |  3.3
Armour         | 1 |  1.5
Dodging        | |  1.7
Stealth        | |  2.1
Spellcasting   | |  1.7
Conjurations   | |  0.7
Fire Magic     | |  2.4

Action                   |  1- 3 |  4- 6 |  7- 9 || total
-------------------------+-------+-------+-------++-------
Melee: Unarmed           |   178 |   164 |    31 ||   373
       Punch             |     2 |     5 |       ||     7
Throw: Boomerang         |     4 |    34 |     3 ||    41
  Use: Scroll            |     3 |     4 |     1 ||     8
       Potion            |     1 |       |       ||     1
Armor: Robe              |    50 |     3 |       ||    53
       Chain mail        |       |    38 |    11 ||    49
Dodge: Dodged            |    96 |    49 |    11 ||   156

Table legend:
 A = Non-vault XP
 B = Vault XP
 C = Vault XP percentage of total XP
 D = Non-vault monster count
 E = Vault monster count
 F = Vault count percentage of total count
                 A         B        C        D         E       F
            +---------+---------+-------+---------+---------+-------
      Total |     682 |      75 |   9.9 |     103 |       4 |   3.7
            +---------+---------+-------+---------+---------+-------
        D:1 |      51 |       0 |   0.0 |      33 |       0 |   0.0
        D:2 |      39 |       0 |   0.0 |      22 |       0 |   0.0
        D:3 |      43 |      40 |  48.2 |      17 |       3 |  15.0
        D:4 |     320 |       0 |   0.0 |      21 |       0 |   0.0
        D:5 |     229 |      35 |  13.3 |      10 |       1 |   9.1
            +---------+---------+-------+---------+---------+-------
